 Dungeon Crawl Stone Soup version 0.31.0-12-g77e489cdc1 (webtiles) character file.

Game seed: 2948519854077148637

473 Balder the Cudgeller (level 6, -6/55 HPs)
             Began as a Minotaur Fighter on Feb 20, 2024.
             Mangled by an ogre
             ... wielding a +0 giant club
              (14 damage)
             ... on level 4 of the Dungeon.
             The game lasted 00:08:39 (12399 turns).

Balder the Cudgeller (Minotaur Fighter)            Turns: 12399, Time: 00:08:40

Health: -6/55      AC:  7    Str: 18 (21) XL:     6   Next: 84%
Magic:  5/5        EV:  8    Int:  4 (5)  God:
Gold:   98         SH:  8    Dex: 10 (11) Spells: 5/5 levels left

rFire   . . .        a - +0 flail
rCold   . . .        g - +0 kite shield
rNeg    . . .        b - +0 scale mail
rPois   .            (helmet restricted)
rElec   .            (no cloak)
rCorr   .            (no gloves)
SInv    .            (no boots)
Will    .....        (no amulet) Stlth
                     (no ring)
HPRegen 0.29/turn    (no ring)
MPRegen 0.09/turn

%: no passive effects
@: no status effects
A: horns 2, retaliatory headbutt
a: no special abilities


You were on level 4 of the Dungeon.
You visited 1 branch of the dungeon, and saw 4 of its levels.

You collected 98 gold pieces.

Inventory:

Hand Weapons
 a - a +0 flail (weapon)
Missiles
 l - a poisoned dart (quivered)
Armour
 b - a +0 scale mail (worn)
 g - a +0 kite shield (worn)
Jewellery
 i - a ring of wizardry
Wands
 k - a wand of iceblast (5)
Scrolls
 c - a scroll of noise {unknown}
 d - 2 scrolls of teleportation {unknown}
 e - a scroll of amnesia {unknown}
 h - a scroll of identify {unknown}
Potions
 f - a potion of heal wounds
 j - a potion of enlightenment {unknown}


   Skills:
 * Level 4.8 Fighting
 * Level 5.4 Maces & Flails
 * Level 5.4 Armour
 * Level 2.1 Dodging
 * Level 1.6 Stealth
 * Level 4.6 Shields


You had 5 spell levels left.
You didn't know any spells.
Your spell library was empty.

Dungeon Overview and Level Annotations

Branches:
Dungeon (4/15)
 Temple: D:4-7

Altars:


Innate Abilities, Weirdness & Mutations

You have a pair of horns on your head.
You reflexively headbutt those who attack you in melee.


Message History

a +0 club; a goblin corpse Done exploring.
There is an open door here.
There is a stone staircase leading down here.
You climb downwards.
The ogre shouts!
Found 3 poisoned darts and a scroll labelled TENGON RAACULIAG.
There is a stone staircase leading up here.
You see here 3 poisoned darts.
l - 3 poisoned darts Throw: 3 darts (poison)
Press: ? - help, Q - select action, (/) - cycle Shift-Dir - straight line, f - ogre
Aim: an ogre, wielding a +0 giant club (71% to hit)
You throw a poisoned dart.
The poisoned dart barely misses the ogre.
Throw: 2 darts (poison)
Press: ? - help, Q - select action, (/) - cycle Shift-Dir - straight line, f/p - ogre
Aim: an ogre, wielding a +0 giant club (71% to hit)
You throw a poisoned dart. The poisoned dart hits the ogre.
You barely miss the ogre.
The ogre hits you with a +0 giant club!!
You completely miss the ogre. The ogre hits you with a +0 giant club!
You thump the ogre!
The ogre is moderately wounded.
The ogre hits you with a +0 giant club!
* * * LOW HITPOINT WARNING * * *
You barely miss the ogre.
The ogre is moderately wounded.
You block the ogre's attack.
Unknown command.
You sock the ogre!
The ogre is heavily wounded.
You hit the ogre.
The ogre is severely wounded.
You block the ogre's attack.
You thump the ogre!
You headbutt the ogre, but do no damage.
The ogre is almost dead.
The ogre hits you with a +0 giant club!
You die...

. #.### .
#.#.. ?#
#.#.###.#
#.#....#
#####.#...#
#.......<###
.###.#....#
#.@O(.#.#
##.#.......
###.#(####
#.#.# #....
###... ###


You could see an ogre.

Vanquished Creatures
  Sigmund (D:2)
  2 ogres (D:3)
  4 gnolls (D:3)
  4 adders
  A ribbon worm (D:2)
  5 orcs (D:3)
  5 ball pythons
  A bat skeleton (D:2)
  5 endoplasms
  2 giant cockroaches (D:1)
  12 goblins
  5 hobgoblins
  3 jackals (D:1)
  3 kobolds
  2 quokkas
  A ball python zombie (D:2)
  2 bats
  4 frilled lizards
  A jackal zombie (D:2)
  4 rats
67 creatures vanquished.

Notes
Turn   | Place    | Note
-------+----------+-------------------------------------------
     0 | D:1      | Balder the Minotaur Fighter began the quest for the Orb.
     0 | D:1      | Reached XP level 1. HP: 19/19 MP: 0/0
   269 | D:1      | Reached XP level 2. HP: 26/27 MP: 1/1
   750 | D:2      | Noticed Sigmund
   766 | D:2      | Killed Sigmund
   766 | D:2      | HP: 1/27 [poisoned by an adder]
   767 | D:2      | Reached skill level 1 in Dodging
   767 | D:2      | Reached skill level 1 in Stealth
   767 | D:2      | Reached XP level 3. HP: 2/34 MP: 2/2
   767 | D:2      | Reached XP level 4. HP: 2/41 MP: 3/3
   767 | D:2      | Reached XP level 5. HP: 2/47 MP: 4/4
   776 | D:1      | HP: 2/47 [constriction (1)]
 10980 | D:1      | Glimpsed the power of Zot.
 11298 | D:3      | Found a faded altar of an unknown god.
 11619 | D:3      | Noticed an ogre
 11627 | D:3      | Killed an ogre
 11628 | D:3      | Reached skill level 5 in Armour
 11628 | D:3      | Reached XP level 6. HP: 34/53 MP: 5/5
 11936 | D:3      | Reached skill level 5 in Maces & Flails
 12399 | D:4      | Mangled by an ogre

Illustrated notes

Levels and vault maps discovered:
D:1:      dpeg_arrival_rhombi, layout_loops_ring, chequers_hall_statues_corner_a
D:2:      layout_rooms, serial_undead, serial_undead_c, serial_undead_f,
          serial_undead_d, serial_undead_c, serial_undead_a, serial_undead_a,
          serial_undead_f, serial_undead_a, uniq_sigmund
D:3:      layout_loops_corners, chequers_ecumenical_altar_island,
          grunt_decor_mini_mirrors, minmay_ogre_servants
D:4:      layout_loops_ring, mainiacjoe_overflow_small_starburst,
          grunt_ashenzari_visionary [grunt_ashenzari_visionary_swamp,
          grunt_ashenzari_visionary_spider],
          minmay_temple_entry_statues_fountains, corexii_hall_statues_i,
          uniq_menkaure

Skill      XL: |  1  2  3  4  5  6 |
---------------+-------------------+-----
Fighting       | 4 |  4.8
Armour         | 4 5 |  5.4
Maces & Flails | 4 5 |  5.4
Dodging        | 1 2 |  2.1
Stealth        | 1 |  1.6
Shields        | 4 |  4.6

Action                     |  1- 3 |  4- 6 || total
---------------------------+-------+-------++-------
  Melee: Flail             |    56 |   112 ||   168
         Headbutt          |     4 |    18 ||    22
  Throw: Dart              |       |     2 ||     2
    Use: Potion            |     1 |     5 ||     6
 Armour: Scale mail        |    37 |    62 ||    99
  Dodge: Dodged            |    28 |    25 ||    53
  Block: Buckler           |     3 |       ||     3
         Kite shield       |    14 |    44 ||    58
